 Dungeon Crawl Stone Soup version 0.29.0-5-ge4962eb29e (webtiles) character file.

Game seed: 1277573068928118265

48 LunaticDancer the Shield-Bearer (level 3, -1/19 HPs)
             Began as a Vine Stalker Fighter on Aug 27, 2022.
             Succumbed to an adder's poison
             ... on level 2 of the Dungeon on Aug 28, 2022.
             The game lasted 00:12:46 (2191 turns).

LunaticDancer the Shield-Bearer (VSFi)              Turns: 2191, Time: 00:12:47

Health: -1/19      AC:  5    Str: 20    XL:     3   Next: 72%
Magic:  2/4        EV: 10    Int:  8    God:
Gold:   94         SH:  5    Dex: 13    Spells: 2/2 levels left

rFire   . . .      SeeInvis .   a - +0 trident
rCold   . . .      Faith    .   c - +0 buckler
rNeg    . . .      Spirit   +   l - +0 ring mail
rPois   .          Reflect  .   (no helmet)
rElec   .          Harm     .   (no cloak)
rCorr   .          Rampage  .   (no gloves)
Will    .....                   (no boots)
Stlth   +.........              (no amulet)
HPRegen 0.06/turn               (no ring)
MPRegen 0.09/turn               (no ring)

@: lethally poisoned (-1 -> -10)
A: fangs 2, magic shield, antimagic bite, no potion heal 2
a: no special abilities


You were on level 2 of the Dungeon.
You visited 1 branch of the dungeon, and saw 2 of its levels.

You collected 94 gold pieces.

Inventory:

Hand Weapons
 a - a +0 trident (weapon)
Missiles
 k - a poisoned dart (quivered)
Armour
 b - a +0 scale mail
 c - a +0 buckler (worn)
 l - a +0 ring mail (worn)
Magical Staves
 e - a staff of cold
 f - a staff of death
Scrolls
 g - a scroll of teleportation {unknown}
 i - a scroll of identify {unknown}
 m - a scroll of poison {unknown}
Potions
 d - a potion of might
 h - a potion of lignification {unknown}
 j - a potion of brilliance {unknown}


   Skills:
 + Level 2.8 Fighting
 * Level 2.1 Polearms
 + Level 0.1 Throwing
 + Level 2.7 Armour
 * Level 0.4 Dodging
 * Level 3.4 Shields


You had 2 spell levels left.
You didn't know any spells.
Your spell library contained the following spells:

 Spells                   Type           Power      Damage    Failure   Level
 Stone Arrow              Conj/Erth      0%         3d7       96%         3
 Animate Armour           Summ/Erth      0%         N/A       100%        4
 Lehudib's Crystal Spear  Conj/Erth      0%         10d2      100%        8


Dungeon Overview and Level Annotations

Branches:
Dungeon (2/15)

Altars:


Innate Abilities, Weirdness & Mutations

You have extremely sharp teeth.
When hurt, damage is shared between your health and your magic reserves.
Your bite disrupts and absorbs the magic of your enemies.
Potions cannot restore your health.


Message History

You closely miss the adder. Your bite misses the adder. The adder bites you.
The adder completely misses you.
You hit the adder but do no damage. The adder closely misses you.
You closely miss the adder. Your bite misses the adder. The adder bites you.
You are poisoned.
The adder poisons you! The adder closely misses you.
You closely miss the adder. Your bite misses the adder.
You feel sick. The adder closely misses you.
You barely miss the adder. You bite the adder. You drain its power.
You feel invigorated.
The adder is lightly wounded.
You feel sick. The adder barely misses you. The adder bites you.
You are lethally poisoned!
The adder poisons you!
You hit the adder but do no damage. Your bite misses the adder.
The adder is lightly wounded.
You feel sick. The adder closely misses you.
You are too injured to fight recklessly!
You are too injured to fight recklessly!
You are too injured to fight recklessly!
You are too injured to fight recklessly!
You closely miss the adder. Your bite misses the adder.
The adder is lightly wounded.
You feel sick. The adder bites you.
* * * LOW HITPOINT WARNING * * *
The adder bites you but does no damage.
You miss the adder.
The adder is lightly wounded.
* * * LOW HITPOINT WARNING * * *
You feel sick. You block the adder's attack.
You closely miss the adder. Your bite misses the adder.
The adder is lightly wounded.
* * * LOW HITPOINT WARNING * * *
You feel sick. The adder bites you but does no damage. The adder bites you.
* * * LOW HITPOINT WARNING * * *
You are more poisoned.
The adder poisons you!
You barely miss the adder.
The adder is lightly wounded.
You die...

#.# #.# #.# #.# #.# #.# #.# ...
###### #.# #+#..((##########
#....# #.#####.# #(...S@.....#
#....# ........# #...........#
#....#
#.......#.............####....#
........+.................>...#
##......#.#...........####....#
#......# #...........# #....#
######.# #...........# #....#
#.# #...........# ##....# #.#
############# #.....#


You could see an adder.

Vanquished Creatures
  2 worms (D:2)
  3 bats (D:1)
  3 endoplasms (D:1)
  4 goblins
  6 hobgoblins
  2 jackals (D:2)
  8 kobolds
  A quokka (D:2)
  2 ball pythons (D:1)
  4 frilled lizards
  5 rats
40 creatures vanquished.

Notes
Turn   | Place    | Note
-------+----------+-------------------------------------------
     0 | D:1      | LunaticDancer the Vine Stalker Fighter began the quest for
                  | the Orb.
     0 | D:1      | Reached XP level 1. HP: 11/11 MP: 2/2
    91 | D:1      | Reached skill level 3 in Shields
   117 | D:1      | Reached XP level 2. HP: 16/16 MP: 1/3
   961 | D:1      | Reached XP level 3. HP: 19/19 MP: 4/4
   961 | D:1      | Upgraded the game from 0.29.0-4-gdea44cf6ec to
                  | 0.29.0-5-ge4962eb29e
  2191 | D:2      | Succumbed to an adder's poison

Illustrated notes

Levels and vault maps discovered:
D:1:      minmay_arrival_up_and_down, layout_basic, eino_curves_03
D:2:      layout_basic

Skill      XL: |  1  2  3 |
---------------+----------+-----
Shields        | 3 |  3.4
Polearms       | 2 |  2.1
Fighting       | |  2.8
Throwing       | |  0.1
Armour         | |  2.7
Dodging        | |  0.4

Action                   || total
-------------------------++-------
Melee: Trident           ||   136
       Bite              ||    17
Throw: Stone             ||    23
       Dart              ||    14
Armor: Scale mail        ||    30
       Ring mail         ||     3
Dodge: Dodged            ||    42
Block: Buckler           ||    13
